 Dungeon Crawl Stone Soup version 0.22.1-2-g9c5b331383 (webtiles) character file.

1127 Rediskos the Cudgeler (level 8, -2/49 HPs)
             Began as a Gargoyle Fighter on Dec 2, 2018.
             Was a Priest of Qazlal.
             Slain by an orc warrior
             ... wielding a +0 battleaxe
              (20 damage)
             ... on level 5 of the Dungeon.
             The game lasted 00:14:15 (6137 turns).

Rediskos the Cudgeler (Gargoyle Fighter)            Turns: 6137, Time: 00:14:15

Health: -2/49      AC: 17    Str: 22    XL:     8   Next: 35%
Magic:  16/19      EV:  7    Int:  9    God:    Qazlal [***...]
Gold:   206        SH: 15    Dex: 12    Spells: 7/7 levels left

rFire    . . .     SeeInvis .   l - +0 mace (crush)
rCold    . . .     Gourm    .   c - +0 shield
rNeg     + . .     Faith    +   b - +0 scale mail
rPois    ∞         Spirit   .   (no helmet)
rElec    +         Reflect  .   (no cloak)
rCorr    .         Harm     .   m - +1 pair of gloves
MR       .....                  n - +1 pair of boots
Stlth    ..........             i - amulet of faith
HPRegen  0.16/turn              o - ring of magical power
MPRegen  0.16/turn              y - +3 ring of dexterity

@: no status effects
A: negative energy resistance 1, electricity resistance, unbreathing,
petrification resistance, rot immunity, AC +5
a: Upheaval, Elemental Force, Renounce Religion


You were on level 5 of the Dungeon.
You worshipped Qazlal.
Qazlal was most pleased with you.
You were not hungry.

You visited 1 branch of the dungeon, and saw 5 of its levels.
You also visited: Sewer.

You collected 206 gold pieces.

Inventory:

Hand Weapons
 a - a +1 flail
 l - a +0 mace of crushing (weapon)
Armour
 b - a +0 scale mail (worn)
 c - a +0 shield (worn)
 m - a +1 pair of gloves (worn)
 n - a +1 pair of boots (worn)
Jewellery
 i - an amulet of faith (around neck)
 k - an uncursed amulet of guardian spirit {unknown}
 o - a ring of magical power (left hand)
 y - a +3 ring of dexterity (right hand)
Scrolls
 h - a scroll of remove curse
 w - a scroll of teleportation
 x - a scroll of identify
Potions
 d - 2 potions of might
 e - 2 potions of brilliance
 g - 3 potions of agility
 j - 2 potions of magic
 p - 3 potions of curing {unknown}
 q - a potion of haste {unknown}
 r - 2 potions of resistance {unknown}
 t - a potion of lignification {unknown}
 u - 3 potions of flight
 v - a potion of heal wounds {unknown}
Comestibles
 f - 9 rations
 s - 15 chunks of flesh


   Skills:
 + Level 5.2 Fighting
 * Level 6.1 Maces & Flails
 + Level 5.4 Armour
 + Level 5.4 Shields
 + Level 3.5 Invocations


You had 7 spell levels left.
You didn't know any spells.
Your spell library was empty.

Dungeon Overview and Level Annotations

Branches:
Dungeon (5/15)
 Temple: D:4-7

Altars:
Ashenzari
Cheibriados
Gozag
Makhleb
Okawaru
Qazlal

Shops:
D:4 (


Innate Abilities, Weirdness & Mutations

You are resistant to torment.
Your stone body is resilient. (AC +5)
You are immune to poison.
You resist negative energy. (rN+)
You are resistant to electric shocks. (rElec)
You can survive without breathing.
You are immune to petrification.
You are immune to rotting.


Message History

Things that are here:
a spear; a halberd; a gnoll skeleton You closely miss the orc warrior.
The orc warrior hits you with a battleaxe!
You are too injured to fight recklessly!
You are too injured to fight recklessly!
You are too injured to fight recklessly!
You hit the orc warrior.
The orc warrior is lightly wounded.
You block the orc warrior's attack.
You hit the orc warrior but do no damage.
The orc warrior is lightly wounded.
You block the orc warrior's attack.
You hit the orc warrior but do no damage.
The orc warrior is lightly wounded.
The orc warrior hits you with a battleaxe.
You hit the orc warrior but do no damage.
The orc warrior is lightly wounded.
The orc warrior hits you with a battleaxe!!
You die...

#.........# #.....#.........#
#.....#..)......#
#.....#.........#
#.....#.........#
#.....#.........# ###########
#.....#.........#
#.........####§....#)........#
#.........'.)@o)..............
#.........####§....#.........#
#########.# #.....#.........#
#.# #.....########... #.#
############ ...
#.###..........#### ..
#>...............(+
#.###..........####
#.###..........#


You could see an orc warrior.

Vanquished Creatures
  A wyvern (D:4)
  2 ogres
  A big kobold (Sewer)
  A howler monkey (D:4)
  5 orc priests
  3 orc wizards
  3 worker ants
  A worker ant zombie (D:5)
  8 gnolls
  14 adders
  2 river rats (Sewer)
  An ooze (D:5)
  5 worms
  3 dart slugs
  6 leopard geckos
  24 orcs
  4 bats
  14 giant cockroaches
  8 goblins
  7 hobgoblins
  10 jackals
  10 kobolds
  2 quokkas
  A ball python (D:1)
  5 frilled lizards
  11 rats
152 creatures vanquished.

Notes
Turn   | Place    | Note
-------+----------+-------------------------------------------
     0 | D:1      | Rediskos the Gargoyle Fighter began the quest for the Orb.
     0 | D:1      | Reached XP level 1. HP: 14/14 MP: 1/1
   136 | D:1      | Reached XP level 2. HP: 13/19 MP: 2/2
   577 | D:1      | Reached XP level 3. HP: 23/23 MP: 3/3
  1147 | D:2      | Found a stormy altar of Qazlal.
  1193 | D:2      | Reached skill level 3 in Maces & Flails
  1193 | D:2      | Reached XP level 4. HP: 29/29 MP: 4/4
  1199 | D:2      | Became a worshipper of Qazlal Stormbringer
  1554 | D:2      | Found a shattered altar of Ashenzari.
  1583 | D:2      | Reached XP level 5. HP: 24/33 MP: 5/5
  1940 | D:3      | Reached skill level 1 in Invocations
  1980 | D:3      | Reached * piety under Qazlal
  2805 | D:2      | Reached skill level 4 in Maces & Flails
  2805 | D:2      | Reached XP level 6. HP: 14/38 MP: 7/7
  3059 | D:3      | Found a snail-covered altar of Cheibriados.
  3059 | D:3      | Found a burning altar of Makhleb.
  3104 | D:3      | Reached ** piety under Qazlal
  3577 | D:3      | Found an iron altar of Okawaru.
  3924 | D:4      | Found a glowing drain.
  3930 | Sewer    | Entered a sewer
  4201 | Sewer    | Reached XP level 7. HP: 38/44 MP: 8/8
  4273 | Sewer    | Found a white marble altar of Elyvilon.
  4480 | D:4      | Noticed a wyvern
  4486 | D:4      | Killed a wyvern
  4486 | D:4      | Reached skill level 5 in Maces & Flails
  4644 | D:4      | Reached skill level 5 in Shields
  4732 | D:4      | Found an opulent altar of Gozag.
  4764 | D:4      | Reached *** piety under Qazlal
  5144 | D:4      | Reached skill level 5 in Armour
  5321 | D:4      | Found Cytaifask's Weapon Boutique.
  5563 | D:5      | Entered Level 5 of the Dungeon
  5718 | D:5      | Reached skill level 5 in Fighting
  5718 | D:5      | Reached XP level 8. HP: 49/49 MP: 10/10
  5984 | D:5      | Reached skill level 6 in Maces & Flails
  6137 | D:5      | Slain by an orc warrior

Skill      XL: |  1  2  3  4  5  6  7  8 |
---------------+-------------------------+-----
Maces & Flails | 3 4 5 6 |  6.1
Shields        | 4 5 |  5.4
Fighting       | 4 5 |  5.2
Armour         | 4 5 |  5.4
Invocations    | 1 2 3 |  3.5

Action                   |  1- 3 |  4- 6 |  7- 9 || total
-------------------------+-------+-------+-------++-------
Melee: Flail             |   130 |   378 |    97 ||   605
       Mace              |       |       |   110 ||   110
Invok: Upheaval          |       |       |     2 ||     2
  Use: Scroll            |       |     8 |     4 ||    12
       Potion            |       |       |     2 ||     2
  Eat: Chunk             |     1 |     9 |     5 ||    15
       Ration            |       |     1 |       ||     1
Armor: Scale mail        |    81 |   277 |    69 ||   427
Dodge: Dodged            |    48 |   156 |    43 ||   247
Block: Shield            |    63 |   288 |   147 ||   498
